woodfighter, chaotic female orcish Cavewoman ------------ ##########...........| # |......<...| ### ##.(.........| # # ----.------- ------------- ## ### # |`....o....`.################# # ---------------- |.....`.....| ### ### # |...............####### |...-----...| # # ### ### |..............| ###########-...|.{.|.%.| ## -----# # # |..............+############ |..`|{.{|`.a-#####)###-...|# ---.---- |..............| # |...|.{.|...| |...|# #....>..| ---------------- ### |...--.--...| |..%|# ###|......| # |.)...`.....| |...| # |.*....| ##.`.........`| |...-######`##.......| ------------- ----- |......| -------- woodfighter the Cave Teen Experience level: 5 Strength: 18 Dexterity: 12 Constitution: 16 Intelligence: 11 Wisdom: 9 Charisma: 9 Health: 0(37) Energy: 19(19) Def: 5 Gold: 0 Moves: 2801 Dungeon seed: B9sYwfSVdt7FNR-q Game ID: woodfighter_1499331787 Your Inventory: Weapons a - a +1 club (weapon in hand) b - a +2 sling (alternate weapon; not wielded) Armor n - a blessed +2 orcish shield (being worn) q - a blessed +0 leather armor (being worn) r - an uncursed +0 orcish helm (being worn) y - a cursed +0 pair of water walking boots N - an uncursed +0 pair of leather gloves (being worn) Y - an uncursed +0 pair of elven boots Comestibles c - 3 uncursed mangos d - 4 uncursed food rations h - 4 uncursed lichen corpses D - an uncursed tripe ration Scrolls o - a blessed scroll of gold detection u - an uncursed scroll of gold detection v - an uncursed scroll of blank paper w - an uncursed scroll of light Potions i - an uncursed potion of see invisible l - an uncursed potion of booze t - an uncursed potion of paralysis z - a blessed potion of gain energy B - an uncursed potion of invisibility C - 3 uncursed potions of hallucination Rings k - an uncursed ring of invisibility (on left hand) Wands f - a wand of lightning (0:5) g - a wand of light (0:14) A - a wand of lightning (0:7) Tools m - a bag of tricks (0:19) Gems e - 10 uncursed flints (in quiver) Spells and supernatural/magical abilities: Name Level Category Fail Memory W - pray for help -- divine ? -- Your skills at the end: Miscellaneous Skills bare handed combat [Basic] Weapon Skills scimitar [Basic] club [Skilled] sling [Basic] Spellcasting Skills Final Attributes: You were piously aligned. You were fire resistant. You were poison resistant. Your writing hand was ok. You had infravision. You were invisible. You were somewhat stealthy. You are dead. Vanquished creatures: a dingo a fog cloud 2 gnome lords a golden naga hatchling a gray ooze a paper golem 4 giant ants a puppy an orc zombie 2 gas spores 4 hobbits an acid blob a large kobold 2 giant rats a green mold 2 red molds 5 manes 7 jackals 2 kobolds 5 newts 2 grid bugs 8 lichens a kobold zombie 56 creatures vanquished. Voluntary challenges: You did not cause conflict. You did not have reflection. You were not displaced. You used a wielded weapon 83 times, starting on turn 2. You did not use tools. You did not use plumbed fixtures. You did not drink any magical draughts. You were illiterate. You never genocided any monsters. You never polymorphed an object. You never changed form. You used no wishes. You never split a pudding. You never wrote Elbereth's name. You never violated your personal moral code. Dungeon overview: The Dungeons of Doom: levels 1 to 7 Level 1 a long staircase Level 2 (vault) a fountain Level 3 a fountain stairs to The Gnomish Mines Level 4 an altar to Ishtar Level 5 (vault) an armor shop, a fountain, a sink Level 6 <- You were here many fountains Level 7 The Gnomish Mines: Level 4 stairs to The Dungeons of Doom History has recorded: On T:1 you entered the Dungeons of Doom to retrieve the Amulet of Yendor! On T:135 you reached level 2 of The Dungeons of Doom. On T:586 you advanced to experience level 2. On T:616 you reached level 3 of The Dungeons of Doom. On T:966 you reached level 4 of The Dungeons of Doom. On T:984 you reached level 1 of The Gnomish Mines. On T:1081 you advanced to experience level 3. On T:1522 you reached level 5 of The Dungeons of Doom. On T:1576 you advanced to experience level 4. On T:1922 you reached level 6 of The Dungeons of Doom. On T:2086 you advanced to experience level 5. On T:2637 you reached level 7 of The Dungeons of Doom. Score breakdown: Gold: 0 ( 0 points) Experience: 5 levels ( 400 points) Exploration: 7 levels ( 180 points) Discoveries: 16 items ( 800 points) Variety of kills: 23 monsters ( 1150 points) Major goal: (nothing yet) ( 0 points) Survival: died (score multiplied by 3) Total score: 7590 Latest messages: WHAMMM!!! As you kick the door, it crashes open! Nowhere else around here can be automatically explored. Where do you want to travel to? You are beginning to feel hungry. You stop travelling. You hit the golden naga hatchling! The golden naga hatchling bumps right into you! You hit the golden naga hatchling! The golden naga hatchling bites! You kill the golden naga hatchling! You see here a golden naga hatchling corpse. This golden naga hatchling corpse tastes terrible! You stop eating. (2x) You hit the dingo! The dingo bites! You hit the dingo! The dingo bites! (2x) You kill the dingo! You hit the giant beetle! (2x) The giant beetle bites! You hit the giant beetle! (2x) The giant beetle bites! You die... Final status: Goodbye woodfighter the Cavewoman, killed by a giant beetle... You died in The Dungeons of Doom on dungeon level 6 with 7590 points, and 0 pieces of gold, after 2801 moves. You were level 5 with a maximum of 37 hit points when you died.